 Dungeon Crawl Stone Soup version 0.17-a0-702-gb3a3556 (webtiles) character file.

3282 laxity the Transmogrifier (level 10, -3/132 HPs)
             Began as a Naga Transmuter on Apr 19, 2015.
             Slain by a spiny frog (4 damage)
             ... on level 1 of the Lair of Beasts.
             The game lasted 00:20:40 (10167 turns).

laxity the Transmogrifier (Naga Transmuter)        Turns: 10167, Time: 00:20:41

Health: -3/132     AC:  9    Str: 17    XL:     10   Next: 0%
Magic:  8/13       EV: 10    Int: 16    God:
Gold:   190        SH:  0    Dex: 11    Spells: 3 memorised, 4 levels left

rFire  + . .     SeeInvis +       - Unarmed
rCold  . . .     Clarity  .     c - +1 robe
rNeg   + . .     SustAb   +     (shield currently unavailable)
rPois  +         Gourm    .     o - +0 helmet of Wisoqirr {rF+ MR+++ Dex-2 Stlth+}
rElec  .         Spirit   .     (no cloak)
rCorr  .         Warding  +     (gloves currently unavailable)
rMut   .         Stasis   .     (no barding)
MR     ++++.                    f - amulet of warding
Stlth  ..........               u - ring of sustain abilities
                                v - +3 ring of protection

@: berserking, lethally poisoned (-3 -> -12), blade hands, very slightly
contaminated, invisible, quick, incredibly resistant to hostile enchantments,
extremely unstealthy
A: see invisible, deformed body, poison resistance, slowness 2, spit poison 2,
AC +3
a: Spit Poison, End Transformation


You were on level 1 of the Lair of Beasts.
You were not hungry.
You had blades for hands.
You visited 2 branches of the dungeon, and saw 9 of its levels.

You collected 426 gold pieces.
You spent 236 gold pieces at shops.

Inventory:

Missiles
 b - 12 arrows
Armour
 c - a +1 robe (worn)
 o - the +0 helmet of Wisoqirr (worn) {rF+ MR+++ Dex-2 Stlth+}
   (You bought it in a shop on level 6 of the Dungeon)

   It affects your dexterity (-2).
   It protects you from fire.
   It affects your resistance to hostile enchantments.
   It makes you more stealthy.
Jewellery
 f - an amulet of warding (around neck)
 s - an uncursed ring of fire
 u - a ring of sustain abilities (right scythe-like blade)
 v - a +3 ring of protection (left scythe-like blade)
 y - an uncursed amulet of faith
 F - an uncursed ring of teleport control
Magical devices
 B - a wand of paralysis (22)
Scrolls
 e - a scroll of remove curse
 h - 2 scrolls of magic mapping
 l - 3 scrolls of enchant armour
 q - 2 scrolls of teleportation
 x - 4 scrolls of recharging
 C - a scroll of fog
Potions
 g - 3 potions of restore abilities
 i - 3 potions of curing {unknown}
 j - a potion of might
 k - 2 potions of invisibility
 n - a potion of poison
 p - 2 potions of cure mutation {unknown}
 r - a potion of ambrosia {unknown}
 t - 2 potions of cancellation
 A - 2 potions of berserk rage
 D - a potion of lignification {unknown}
Books
 d - a book of Changes

   Spells                             Type                      Level
   a - Beastly Appendage              Transmutation                1
   b - Sticks to Snakes               Transmutation                2
   c - Spider Form                    Transmutation/Poison         3
   d - Ice Form                       Ice/Transmutation            4
   e - Blade Hands                    Transmutation                5
Comestibles
 a - 7 bread rations
 m - 6 meat rations
 w - 4 fruits
 z - a royal jelly
 E - 4 chunks of flesh


   Skills:
 - Level 5.2 Fighting
 - Level 1.5 Dodging
 + Level 8.3 Unarmed Combat
 - Level 2.0 Spellcasting
 - Level 10.2 Transmutations


You had 4 spell levels left.
You knew the following spells:

 Your Spells              Type           Power        Failure   Level  Hunger
a - Beastly Appendage     Trmt           ####..       12%         1    #......
b - Spider Form           Trmt/Pois      ###.......   45%         3    ###....
c - Blade Hands           Trmt           ####......   50%         5    ######.


Dungeon Overview and Level Annotations

Branches:
Dungeon (8/15)             Temple (0/1) D:7            Lair (1/8) D:8

Altars:
Ashenzari
Cheibriados
Kikubaaqudgha
Makhleb
Ru
Vehumet
Zin

Shops:
D:4 ?   D:6 *

Annotations:
D:3 laxity's ghost, average NaTm


Innate Abilities, Weirdness & Mutations

You cannot wear boots.
Your serpentine skin is tough (AC +3).
You have supernaturally acute eyesight.
Armour fits poorly on your strangely shaped body.
Your system is resistant to poisons.
You cover ground very slowly.
You can spit poison.


Message History

The spiny frog stings you.
You hit the spiny frog but do no damage.
The spiny frog is moderately wounded.
The spiny frog stings you!!
* * * LOW HITPOINT WARNING * * *
You are poisoned.
The spiny frog poisons you!
Drink which item? (? for menu, Esc to quit)
It was a potion of invisibility.
You fade into invisibility!
You feel sick. The spiny frog stings you!
* * * LOW HITPOINT WARNING * * *
You are very lightly contaminated with residual magic.
Drink which item? (? for menu, Esc to quit)
It was a potion of berserk rage.
A red film seems to cover your vision as you go berserk!
You feel yourself moving faster!
You feel mighty!
* * * LOW HITPOINT WARNING * * *
You feel sick. The spiny frog stings you.
You die...

#...# ....# .
#####...
..#PP....##
.........P####
.........†....#
#....#..<.#
#...#.....##
#.......@.%#
#.....%%F..#
....%%P%..#
..#%%%%%..# .
#.......#
##.....##
....... ####P##
###


You could see a spiny frog.

Vanquished Creatures
  A hill giant (D:6)
  A wyvern (D:8)
  A hungry ghost (D:8)
  A water moccasin (D:6)
  A necrophage (D:6)
  A sky beast (D:6)
  An ice beast (D:7)
  An ogre (D:6)
  A centaur (D:8)
  A wasp (D:6)
  A boring beetle (D:8)
  A crocodile (Lair:1)
  2 giant frogs
  2 water moccasin zombies (D:8)
  7 scorpions
  4 wights (D:6)
  A crimson imp (D:5)
  2 hounds
  3 orc priests
  A centaur skeleton (D:4)
  2 jellies
  5 worker ants
  2 iguanas
  4 orc wizards
  A giant frog skeleton (D:6)
  A killer bee zombie (D:8)
  2 hound skeletons
  A hound zombie (D:7)
  10 adders
  3 gnolls (D:4)
  A shadow imp (D:6)
  4 oozes
  5 worms (D:2)
  2 adder zombies (D:6)
  2 giant geckos
  23 orcs
  2 ball pythons
  A bat skeleton (D:4)
  5 giant cockroaches
  9 goblins
  12 hobgoblins
  11 kobolds
  14 bats
  A giant cockroach zombie (D:5)
  4 giant newts
  7 jackals
  3 quokkas
  28 rats
199 creatures vanquished.

Notes
Turn   | Place    | Note
--------------------------------------------------------------
     0 | D:1      | laxity, the Naga Transmuter, began the quest for the Orb.
     0 | D:1      | Reached XP level 1. HP: 18/18 MP: 3/3
   270 | D:1      | Reached XP level 2. HP: 20/25 MP: 5/5
   959 | D:1      | Reached XP level 3. HP: 31/31 MP: 4/6
   980 | D:1      | Learned a level 3 spell: Spider Form
  1847 | D:2      | Reached skill level 4 in Transmutations
  2174 | D:2      | Reached XP level 4. HP: 38/38 MP: 3/7
  2627 | D:2      | Reached skill level 5 in Transmutations
  2627 | D:2      | Reached XP level 5. HP: 24/44 MP: 4/8
  2987 | D:3      | Found a sacrificial altar of Ru.
  3006 | D:3      | Found a burning altar of Makhleb.
  3597 | D:3      | Found a shattered altar of Ashenzari.
  3705 | D:3      | Noticed laxity's ghost (average NaTm)
  3934 | D:4      | Found Hofrun's Magic Scroll Shoppe.
  3939 | D:4      | Bought a scroll of magic mapping for 35 gold pieces
  3939 | D:4      | Bought a scroll of teleportation for 30 gold pieces
  3939 | D:4      | Bought a scroll of noise for 10 gold pieces
  4224 | D:4      | Reached skill level 6 in Transmutations
  4224 | D:4      | Reached XP level 6. HP: 38/51 MP: 2/9
  4287 | D:4      | Learned a level 5 spell: Blade Hands
  4566 | D:5      | Entered Level 5 of the Dungeon
  4622 | D:5      | Found a radiant altar of Vehumet.
  4954 | D:5      | Reached skill level 7 in Transmutations
  4978 | D:5      | Reached XP level 7. HP: 17/57 MP: 5/10
  5615 | D:5      | Reached skill level 8 in Transmutations
  6084 | D:6      | Noticed a hill giant
  6100 | D:6      | HP: 2/57 [hill giant/giant spiked club (16)]
  6101 | D:6      | Killed a hill giant
  6101 | D:6      | Reached skill level 10 in Transmutations
  6101 | D:6      | Reached XP level 8. HP: 2/64 MP: 4/11
  7007 | D:6      | Reached XP level 9. HP: 68/76 MP: 6/12
  7144 | D:6      | Found Neg Oposh's Assorted Antiques.
  7155 | D:6      | Bought a brightly glowing helmet for 161 gold pieces
  7172 | D:6      | Reached skill level 5 in Unarmed Combat
  8008 | D:6      | Identified the +0 helmet of Wisoqirr {rF+ MR+++ Dex-2 Stlth+} (You bought it in a shop on level 6 of the Dungeon)
  8651 | D:7      | Reached skill level 5 in Fighting
  8918 | D:7      | Found a staircase to the Ecumenical Temple.
  9328 | D:8      | Found an ancient bone altar of Kikubaaqudgha.
  9856 | D:8      | Found a snail-covered altar of Cheibriados.
  9857 | D:8      | Found a glowing silver altar of Zin.
  9943 | D:8      | Found a staircase to the Lair.
 10156 | Lair:1   | Entered Level 1 of the Lair of Beasts
 10156 | Lair:1   | Noticed a spiny frog
 10159 | Lair:1   | Reached XP level 10. HP: 88/88 MP: 7/13
 10166 | Lair:1   | HP: 2/88 [spiny frog (16)]
 10167 | Lair:1   | Slain by a spiny frog

Action                   |  1- 3 |  4- 6 |  7- 9 | 10-12 || total
-------------------------+-------+-------+-------+-------++-------
Melee: Unarmed           |   159 |   284 |   426 |     4 ||   873
 Cast: Beastly Appendage |     3 |       |       |       ||     3
       Spider Form       |     4 |    23 |    37 |       ||    64
       Blade Hands       |       |       |     5 |       ||     5
  Use: Scroll            |     5 |    11 |     1 |       ||    17
       Potion            |       |       |       |     2 ||     2
 Stab: Distracted        |     1 |       |       |       ||     1
       Sleeping          |       |       |     1 |       ||     1
  Eat: Chunk             |     3 |    14 |    17 |       ||    34
       Beef jerky        |       |       |     1 |       ||     1
       Bread ration      |       |       |     1 |       ||     1
       Fruit             |       |       |     1 |       ||     1
       Pizza             |       |       |     1 |       ||     1
